 Dungeon Crawl Stone Soup version 0.25-a0-631-gc915619 (webtiles) character file.

Game seed: 14681036056912460649, levelgen mode: deterministic

407 tatocazan the Poker (level 6, -5/48 HPs)
             Began as a Merfolk Gladiator on Mar 18, 2020.
             Slain by a gnoll zombie (6 damage)
             ... in an ossuary.
             The game lasted 00:04:48 (4454 turns).

tatocazan the Poker (Merfolk Gladiator)             Turns: 4454, Time: 00:04:49

Health: -5/48      AC:  4    Str: 14    XL:     6   Next: 88%
Magic:  6/6        EV: 10    Int:  9    God:
Gold:   172        SH: 14    Dex: 16    Spells: 5/5 levels left

rFire    + . .     SeeInvis .   a - +0 trident
rCold    . . .     Gourm    .   i - +2 tower shield {rF+}
rNeg     . . .     Faith    .   b - +0 leather armour
rPois    .         Spirit   .   c - +0 helmet
rElec    .         Reflect  .   (no cloak)
rCorr    .         Harm     .   (no gloves)
MR       .....                  (no boots)
Stlth    +.........             (no amulet)
HPRegen  0.16/turn              (no ring)
MPRegen  0.10/turn              (no ring)

@: no status effects
A: change form in water, swift swim, stealthy swim
a: no special abilities


You were in an ossuary.
You were not hungry.

You visited 1 branch of the dungeon, and saw 4 of its levels.
You also visited: Ossuary.

You collected 172 gold pieces.

Inventory:

Hand Weapons
 a - a +0 trident (weapon)
 m - a +1 dagger of venom
Missiles
 d - 3 throwing nets (quivered)
Armour
 b - a +0 leather armour (worn)
 c - a +0 helmet (worn)
 i - a +2 tower shield of fire resistance (worn)
Wands
 g - a wand of flame (17)
Scrolls
 e - 3 scrolls of remove curse {unknown}
 h - a scroll of identify {unknown}
 j - a scroll of random uselessness {unknown}
 l - a scroll of immolation {unknown}
 n - 4 scrolls of teleportation {unknown}
 o - a scroll of enchant weapon {unknown}
Potions
 p - a potion of curing {unknown}
Comestibles
 f - 8 rations


   Skills:
 + Level 3.8 Fighting
 * Level 7.2 Polearms
 - Level 2.3 Throwing
 + Level 1.5 Armour
 + Level 5.5 Dodging
 + Level 1.9 Shields


You had 5 spell levels left.
You didn't know any spells.
Your spell library was empty.

Dungeon Overview and Level Annotations

Branches:
Dungeon (4/15)            Ossuary (1/1)
 Temple: D:4-7

Altars:
Ashenzari
Hepliaklqana
Qazlal


Message History

You hit the elf zombie.
The elf zombie is almost destroyed.
The elf zombie hits you but does no damage.
The big kobold zombie closely misses you.
The gnoll zombie hits you.
* * * LOW HITPOINT WARNING * * *
You take 6 damage, and have 12/48 hp.
You closely miss the elf zombie.
The elf zombie is almost destroyed.
You block the elf zombie's attack. The big kobold zombie hits you.
* * * LOW HITPOINT WARNING * * *
You block the gnoll zombie's attack.
You take 5 damage, and have 7/48 hp.
You hit the elf zombie but do no damage.
The elf zombie is almost destroyed.
The elf zombie hits you.
* * * LOW HITPOINT WARNING * * *
The big kobold zombie hits you but does no damage.
The gnoll zombie hits you.
You die...

#################
#.#.#.#.#.#.#.#.#
#...............# #
#...............# ##
##...............###.
$###....................
$$....∩.@................
$$###..ZZZ...............
##..Z............###.
#...............# ##
#...............# #
#.#.#.#.#.#.#.#.#
######### ######


You could see a hobgoblin zombie, a gnoll zombie, a big kobold zombie and an elf
zombie.

Vanquished Creatures
  An ogre (D:3)
  A hound (D:4)
  An iguana (D:4)
  2 big kobold zombies (Ossuary)
  2 mummies (Ossuary)
  3 gnolls (D:3)
  8 adders
  3 oozes
  4 worms
  2 dart slugs
  2 leopard geckos
  3 giant cockroaches
  4 gnoll zombies (Ossuary)
  8 goblins
  10 hobgoblins
  3 jackals (D:4)
  4 kobolds
  A quokka (D:3)
  A ball python (D:2)
  4 bats
  4 frilled lizards
  2 goblin zombies (Ossuary)
  2 orc zombies (Ossuary)
  A quokka skeleton (D:4)
  9 rats
85 creatures vanquished.

Notes
Turn   | Place    | Note
-------+----------+-------------------------------------------
     0 | D:1      | tatocazan the Merfolk Gladiator began the quest for the
                  | Orb.
     0 | D:1      | Reached XP level 1. HP: 16/16 MP: 1/1
    44 | D:1      | Reached XP level 2. HP: 17/23 MP: 2/2
   412 | D:1      | Reached XP level 3. HP: 28/28 MP: 3/3
   708 | D:2      | Reached skill level 5 in Polearms
   967 | D:2      | Found a stormy altar of Qazlal.
   995 | D:2      | Reached XP level 4. HP: 15/34 MP: 4/4
  2075 | D:2      | Found a hazy altar of Hepliaklqana.
  2079 | D:2      | Found a shattered altar of Ashenzari.
  2616 | D:3      | Reached XP level 5. HP: 36/41 MP: 5/5
  2676 | D:3      | Noticed an ogre
  2684 | D:3      | Killed an ogre
  2684 | D:3      | Reached skill level 6 in Polearms
  2684 | D:3      | Reached skill level 1 in Armour
  2684 | D:3      | Reached skill level 5 in Dodging
  2684 | D:3      | Reached skill level 1 in Shields
  2948 | D:3      | Reached XP level 6. HP: 39/47 MP: 6/6
  3742 | D:4      | Reached skill level 7 in Polearms
  3957 | D:4      | Found a sand-covered staircase.
  3964 | Ossuary  | Entered an ossuary
  4454 | Ossuary  | HP: 1/48 [elf zombie (6)]
  4454 | Ossuary  | Slain by a gnoll zombie

Levels and vault maps discovered:
D:1:      minmay_arrival_hallway, layout_rooms
D:2:      layout_basic, ashenzari_conservatory_becter, grunt_qazlal_clouds,
          lemuel_crystal_altar
D:3:      layout_basic, first_ration
D:4:      layout_loops_corners, kennysheep_mini_moat, tgw_trog,
          minmay_temple_entry_poolview, enter_ossuary_4
Ossuary:  minmay_ossuary_gauntlet

Skill      XL: |  1  2  3  4  5  6 |
---------------+-------------------+-----
Polearms       | 5 6 7 |  7.2
Fighting       | 3 |  3.8
Armour         | 1 |  1.5
Dodging        | 5 |  5.5
Shields        | 1 |  1.9
Throwing       | |  2.3

Action                   |  1- 3 |  4- 6 || total
-------------------------+-------+-------++-------
Melee: Trident           |    95 |   267 ||   362
  Use: Potion            |       |     3 ||     3
 Stab: Sleeping          |     1 |     2 ||     3
  Eat: Chunk             |       |     6 ||     6
       Ration            |       |     2 ||     2
Armor: Leather armour    |    19 |    52 ||    71
Dodge: Dodged            |    48 |    90 ||   138
Block: Tower shield      |       |   163 ||   163

Table legend:
 A = Non-vault XP
 B = Vault XP
 C = Vault XP percentage of total XP
 D = Non-vault monster count
 E = Vault monster count
 F = Vault count percentage of total count
                 A         B        C        D         E       F
            +---------+---------+-------+---------+---------+-------
      Total |     482 |     100 |  17.2 |      73 |      12 |  14.1
            +---------+---------+-------+---------+---------+-------
        D:1 |      45 |       0 |   0.0 |      23 |       0 |   0.0
        D:2 |      95 |       0 |   0.0 |      22 |       0 |   0.0
        D:3 |     242 |       0 |   0.0 |      19 |       0 |   0.0
        D:4 |     100 |       0 |   0.0 |       9 |       0 |   0.0
    Ossuary |       0 |     100 | 100.0 |       0 |      12 | 100.0
            +---------+---------+-------+---------+---------+-------
